TOP OF THE 1ST |
Oklahoma City HS Magicians batting - Pitching for Indianapolis HS Chaos : RHP Jack Dundee
|
Pitching: RHP Jack Dundee
|
|
Batting: RHB Billy Gray
|
0-0: Ball 1-0: Foul Ball, location: 2F 1-1: Called Strike 1-2: Foul Ball, location: 2F 1-2: Foul Ball, location: 2F 1-2: Ball 2-2: Ball 3-2: Foul Ball, location: 2F 3-2: Fly out, F7 (Flyball, 78M)
|
Batting: LHB Fletcher White
|
0-0: Ball 1-0: Ball 2-0: Ball 3-0: Called Strike 3-1: Called Strike 3-2: Foul Ball, location: 2F 3-2: Foul Ball, location: 2F 3-2: Foul Ball, location: 2F 3-2: Foul Ball, location: 2F 3-2: Foul Ball, location: 2F 3-2: Foul Ball, location: 2F 3-2: Base on Balls
|
Batting: LHB Geoff May
|
0-0: Swinging Strike 0-1: Foul Ball, location: 2F 0-2: SINGLE (Groundball, 5D) Fletcher White to second
|
Batting: RHB Darrell Krieger
|
0-0: Called Strike 0-1: Ball Wild Pitch! Fletcher White to third Geoff May to second 1-1: Ball 2-1: Swinging Strike 2-2: Ball 3-2: Strikes out swinging
|
Batting: LHB Marcus Hussey
|
0-0: Called Strike 0-1: Foul Ball, location: 2F 0-2: SINGLE (Line Drive, 7S) Fletcher White scores Geoff May to third
|
Batting: SHB Lee Oliver
|
0-0: Ball 1-0: Ball 2-0: Foul Ball, location: 2F 2-1: Foul Ball, location: 2F 2-2: Ball 3-2: Foul Ball, location: 2F 3-2: Foul Ball, location: 2F 3-2: Base on Balls Marcus Hussey to second
|
Batting: LHB Andrew Chambers
|
0-0: Called Strike 0-1: Ball Wild Pitch! Geoff May scores Marcus Hussey to third Lee Oliver to second 1-1: Swinging Strike 1-2: Strikes out swinging
|
Top of the 1st over - 2 run(s), 2 hit(s), 0 error(s), 2 left on base; Oklahoma City HS 2 - Indianapolis HS 0 |
BOTTOM OF THE 1ST |
Indianapolis HS Chaos batting - Pitching for Oklahoma City HS Magicians : RHP Corey Brown
|
Pitching: RHP Corey Brown
|
|
Batting: RHB Héctor Núñez
|
0-0: Ball 1-0: Ball 2-0: Ball 3-0: Base on Balls
|
Batting: LHB Chris Russell
|
0-0: Called Strike 0-1: Ball 1-1: Ball 2-1: Foul Ball, location: 2F 2-2: Foul Ball, location: 2F 2-2: Foul Ball, location: 2F 2-2: Ball 3-2: SINGLE (Groundball, 4D) Héctor Núñez to second Runner from 2nd tries for 3rd, SAFE, throw made to third
|
Batting: RHB Bryan Reed
|
0-0: Fly out, F9 (Flyball, 9S)
|
Batting: RHB Andy Norris
|
0-0: Ball 1-0: SINGLE (Line Drive, 6MD) Héctor Núñez scores Chris Russell to second
|
Batting: LHB William Morgan
|
0-0: Swinging Strike 0-1: Ball 1-1: Foul Ball, location: 2F 1-2: Ball 2-2: Strikes out swinging
|
Batting: RHB Brian Carriaga
|
0-0: Foul Ball, location: 2F 0-1: Foul Ball, location: 2F 0-2: Foul Ball, location: 2F 0-2: Ball 1-2: Ball 2-2: Foul Ball, location: 2F 2-2: Foul Ball, location: 2F 2-2: Foul Ball, location: 2F 2-2: DOUBLE (Line Drive, 89D) Chris Russell scores Andy Norris to third Runner from 3rd tries for Home, SAFE, no throw
|
Batting: SHB Jimmy Bullock
|
0-0: Swinging Strike 0-1: Swinging Strike 0-2: Ball 1-2: Strikes out swinging
|
Bottom of the 1st over - 3 run(s), 3 hit(s), 0 error(s), 1 left on base; Oklahoma City HS 2 - Indianapolis HS 3 |
TOP OF THE 2ND |
Oklahoma City HS Magicians batting - Pitching for Indianapolis HS Chaos : RHP Jack Dundee
|
Batting: RHB Jeffrey Ball
|
0-0: Ball 1-0: Fly out, F3 (Line Drive, 3S)
|
Batting: LHB Jason Thomas
|
0-0: SINGLE (Groundball, 25) (infield hit)
|
Batting: RHB Billy Gray
|
0-0: Ball 1-0: Fielders Choice at 2nd, 1-4 (Groundball, 15S)
|
Batting: LHB Fletcher White
|
0-0: Ball Billy Gray steals 2nd base 1-0: Foul Ball, location: 2F 1-1: Foul Ball, location: 2F 1-2: Foul Ball, location: 2F 1-2: Ball 2-2: Ball 3-2: Ground out U3 (Groundball, 3L)
|
Top of the 2nd over - 0 run(s), 1 hit(s), 0 error(s), 1 left on base; Oklahoma City HS 2 - Indianapolis HS 3 |
BOTTOM OF THE 2ND |
Indianapolis HS Chaos batting - Pitching for Oklahoma City HS Magicians : RHP Corey Brown
|
Batting: RHB António Solís
|
0-0: Called Strike 0-1: Ball 1-1: Ball 2-1: Ball 3-1: Called Strike 3-2: Foul Ball, location: 2F 3-2: Base on Balls
|
Batting: RHB Warren Norton
|
0-0: Grounds into double play, 5-4-3 (Groundball, 5)
|
Batting: RHB Héctor Núñez
|
0-0: Ball 1-0: Ball 2-0: Foul Ball, location: 2F 2-1: Fly out, F7 (Line Drive, 7)
|
Bottom of the 2nd over - 0 run(s), 0 hit(s), 0 error(s), 0 left on base; Oklahoma City HS 2 - Indianapolis HS 3 |
TOP OF THE 3RD |
Oklahoma City HS Magicians batting - Pitching for Indianapolis HS Chaos : RHP Jack Dundee
|
Batting: LHB Geoff May
|
0-0: Ball 1-0: Called Strike 1-1: Swinging Strike 1-2: Foul Ball, location: 2F 1-2: Ball 2-2: SINGLE (Groundball, 34D)
|
Batting: RHB Darrell Krieger
|
0-0: Ball 1-0: Ball 2-0: Ball 3-0: Base on Balls Geoff May to second
|
Batting: LHB Marcus Hussey
|
0-0: Ball 1-0: Ball 2-0: Ball 3-0: Called Strike 3-1: Called Strike 3-2: Grounds into double play, 3-6-3 (Groundball, 3) Geoff May to third
|
Batting: SHB Lee Oliver
|
0-0: Swinging Strike 0-1: Ball 1-1: Ball 2-1: Foul Ball, location: 2F 2-2: Strikes out swinging
|
Top of the 3rd over - 0 run(s), 1 hit(s), 0 error(s), 1 left on base; Oklahoma City HS 2 - Indianapolis HS 3 |
BOTTOM OF THE 3RD |
Indianapolis HS Chaos batting - Pitching for Oklahoma City HS Magicians : RHP Corey Brown
|
Batting: LHB Chris Russell
|
0-0: Ball 1-0: Swinging Strike 1-1: SINGLE (Groundball, 34D)
|
Batting: RHB Bryan Reed
|
0-0: Ball 1-0: Foul Ball, location: 2F 1-1: Ball 2-1: Ball 3-1: Fly out, F5 (Line Drive, 56)
|
Batting: RHB Andy Norris
|
0-0: Swinging Strike 0-1: Ball 1-1: Called Strike 1-2: Ball 2-2: Grounds into double play, 4-6-3 (Groundball, 4)
|
Bottom of the 3rd over - 0 run(s), 1 hit(s), 0 error(s), 0 left on base; Oklahoma City HS 2 - Indianapolis HS 3 |
TOP OF THE 4TH |
Oklahoma City HS Magicians batting - Pitching for Indianapolis HS Chaos : RHP Jack Dundee
|
Batting: LHB Andrew Chambers
|
0-0: Ball 1-0: Ball 2-0: Foul Ball, location: 2F 2-1: SINGLE (Groundball, 56S) (infield hit)
|
Pitching: RHP Luis Remedios
|
|
Batting: RHB Jeffrey Ball
|
0-0: Ball 1-0: Ball 2-0: Ball 3-0: Called Strike 3-1: Base on Balls Andrew Chambers to second
|
Batting: LHB Jason Thomas
|
0-0: Ball 1-0: Called Strike 1-1: Called Strike 1-2: Ball 2-2: Ball 3-2: Fly out, F4 (Popup, 4)
|
Batting: RHB Billy Gray
|
0-0: Ball Andrew Chambers steals 3rd base Jeffrey Ball to second 1-0: Ground out 6-3 (Groundball, 6) Andrew Chambers scores Jeffrey Ball to third
|
Batting: LHB Fletcher White
|
0-0: Ball 1-0: Swinging Strike 1-1: Foul Ball, location: 2F 1-2: Strikes out swinging
|
Top of the 4th over - 1 run(s), 1 hit(s), 0 error(s), 1 left on base; Oklahoma City HS 3 - Indianapolis HS 3 |
BOTTOM OF THE 4TH |
Indianapolis HS Chaos batting - Pitching for Oklahoma City HS Magicians : RHP Corey Brown
|
Batting: LHB William Morgan
|
0-0: Called Strike 0-1: Ball 1-1: Ball 2-1: Ball 3-1: Swinging Strike 3-2: Strikes out swinging
|
Batting: RHB Brian Carriaga
|
0-0: Ball 1-0: Ball 2-0: Called Strike 2-1: Fly out, F9 (Line Drive, 9S)
|
Batting: SHB Jimmy Bullock
|
0-0: Foul Ball, location: 2F 0-1: Swinging Strike 0-2: Foul Ball, location: 2F 0-2: Hit by Pitch
|
Batting: RHB António Solís
|
0-0: Ball 1-0: Ball 2-0: SINGLE (Line Drive, 89S) Jimmy Bullock to second
|
Batting: RHB Warren Norton
|
0-0: Ground out 5-3 (Groundball, 56S)
|
Bottom of the 4th over - 0 run(s), 1 hit(s), 0 error(s), 2 left on base; Oklahoma City HS 3 - Indianapolis HS 3 |
TOP OF THE 5TH |
Oklahoma City HS Magicians batting - Pitching for Indianapolis HS Chaos : RHP Luis Remedios
|
Batting: LHB Geoff May
|
0-0: Foul Ball, location: 2F
|
|
|
|
0-1: Ball 1-1: Swinging Strike 1-2: Ball 2-2: Strikes out swinging
|
Pitching: LHP Michael Jones
|
|
Batting: RHB Darrell Krieger
|
0-0: Ball 1-0: SINGLE (Flyball, 9LM)
|
Batting: LHB Marcus Hussey
|
0-0: Ball 1-0: Ball 2-0: Ball 3-0: Base on Balls Darrell Krieger to second
|
Batting: SHB Lee Oliver
|
0-0: Ball Darrell Krieger is caught stealing 3rd base Marcus Hussey to second 1-0: SINGLE (Line Drive, 4MD) Marcus Hussey to third
|
Batting: LHB Andrew Chambers
|
0-0: Called Strike 0-1: Ball 1-1: Ball 2-1: Foul Ball, location: 2F 2-2: Ball 3-2: Strikes out swinging
|
Top of the 5th over - 0 run(s), 2 hit(s), 0 error(s), 2 left on base; Oklahoma City HS 3 - Indianapolis HS 3 |
BOTTOM OF THE 5TH |
Indianapolis HS Chaos batting - Pitching for Oklahoma City HS Magicians : RHP Corey Brown
|
Pitching: RHP Matt Harrison
|
|
Batting: RHB Héctor Núñez
|
0-0: Called Strike 0-1: Fly out, F5 (Popup, 5S)
|
Batting: LHB Chris Russell
|
0-0: Called Strike 0-1: SINGLE (Groundball, 34S) (infield hit)
|
Batting: RHB Bryan Reed
|
0-0: Foul Ball, location: 2F 0-1: Swinging Strike 0-2: Strikes out swinging
|
Batting: RHB Andy Norris
|
0-0: Ball 1-0: Called Strike 1-1: Called Strike 1-2: Ball 2-2: Foul Ball, location: 2F 2-2: Foul Ball, location: 2F 2-2: Ball 3-2: Foul Ball, location: 2F 3-2: Foul Ball, location: 2F 3-2: Ground out 1-3 (Groundball, 15S)
|
Bottom of the 5th over - 0 run(s), 1 hit(s), 0 error(s), 1 left on base; Oklahoma City HS 3 - Indianapolis HS 3 |
TOP OF THE 6TH |
Oklahoma City HS Magicians batting - Pitching for Indianapolis HS Chaos : LHP Michael Jones
|
Batting: RHB Jeffrey Ball
|
0-0: Ball 1-0: Ball 2-0: Ball 3-0: Base on Balls
|
Batting: LHB Jason Thomas
|
0-0: Ball Jeffrey Ball steals 2nd base 1-0: Ball 2-0: Called Strike 2-1: Called Strike 2-2: Strikes out swinging
|
Batting: RHB Billy Gray
|
0-0: Intentional Walk
|
Batting: LHB Fletcher White
|
0-0: Called Strike 0-1: Ball 1-1: Ball 2-1: Ball 3-1: Base on Balls Jeffrey Ball to third Billy Gray to second
|
Batting: LHB Geoff May
|
0-0: Called Strike 0-1: Called Strike 0-2: Ball 1-2: Strikes out swinging
|
Pitching: RHP Joe Anderson
|
|
Batting: RHB Darrell Krieger
|
0-0: Reached on error, E6 (Groundball, 6) Jeffrey Ball scores Billy Gray to third Fletcher White to second
|
Batting: LHB Marcus Hussey
|
0-0: Ball 1-0: Swinging Strike 1-1: GRAND SLAM HOME RUN (Flyball, 8RXD), Distance : 431 ft
|
Batting: SHB Lee Oliver
|
0-0: Ball 1-0: Ball 2-0: Foul Ball, location: 2F 2-1: Foul Ball, location: 2F 2-2: Ball 3-2: Foul Ball, location: 2F 3-2: Single, Error in OF, E9, batter to second base
|
Pitching: RHP Dennis Nicholas
|
|
Batting: LHB Andrew Chambers
|
0-0: Called Strike 0-1: Ball 1-1: Fly out, F5 (Line Drive, 56S)
|
Top of the 6th over - 5 run(s), 2 hit(s), 2 error(s), 1 left on base; Oklahoma City HS 8 - Indianapolis HS 3 |
BOTTOM OF THE 6TH |
Indianapolis HS Chaos batting - Pitching for Oklahoma City HS Magicians : RHP Matt Harrison
|
Batting: LHB William Morgan
|
0-0: Called Strike 0-1: Ball 1-1: Ball 2-1: Ball 3-1: Foul Ball, location: 2F 3-2: Base on Balls
|
Batting: RHB Brian Carriaga
|
0-0: Ball 1-0: Foul Ball, location: 2F 1-1: Foul Ball, location: 2F 1-2: Reached on error, E5 (Groundball, 56) William Morgan to second
|
Batting: SHB Jimmy Bullock
|
0-0: Foul Ball, location: 2F 0-1: Ball 1-1: Foul Ball, location: 2F 1-2: Strikes out swinging
|
Batting: RHB António Solís
|
0-0: 3-RUN HOME RUN (Flyball, 7D), Distance : 356 ft
|
Pitching: RHP Ray Pérez
|
|
Batting: RHB Warren Norton
|
0-0: Foul Ball, location: 2F 0-1: Ball 1-1: Called Strike 1-2: Foul Ball, location: 2F 1-2: Strikes out swinging
|
Batting: RHB Héctor Núñez
|
0-0: Ball 1-0: Ball 2-0: Ball 3-0: Called Strike 3-1: Swinging Strike 3-2: Base on Balls
|
Batting: LHB Chris Russell
|
0-0: Ball 1-0: Fielders Choice at 2nd, 6-4 (Groundball, 6)
|
Bottom of the 6th over - 3 run(s), 1 hit(s), 1 error(s), 0 left on base; Oklahoma City HS 8 - Indianapolis HS 6 |
TOP OF THE 7TH |
Oklahoma City HS Magicians batting - Pitching for Indianapolis HS Chaos : RHP Dennis Nicholas
|
Batting: RHB Jeffrey Ball
|
0-0: Foul Ball, location: 2F 0-1: Swinging Strike 0-2: Ball 1-2: Ball 2-2: Foul Ball, location: 2F 2-2: Foul Ball, location: 2F 2-2: Foul Ball, location: 2F 2-2: Ball 3-2: Foul Ball, location: 2F 3-2: Base on Balls
|
Batting: LHB Jason Thomas
|
0-0: Bunted foul 0-1: Bunted foul 0-2: Ball 1-2: Foul Ball, location: 2F 1-2: Ball 2-2: SINGLE (Groundball, 6MD) Jeffrey Ball to second Runner from 2nd tries for 3rd, SAFE, no throw
|
Batting: RHB Billy Gray
|
0-0: Ball 1-0: Swinging Strike 1-1: Ball 2-1: Called Strike 2-2: Foul Ball, location: 2F 2-2: Strikes out swinging
|
Batting: LHB Fletcher White
|
0-0: Ball 1-0: Called Strike 1-1: Ball 2-1: Swinging Strike 2-2: Strikes out looking
|
Batting: LHB Geoff May
|
0-0: Ball 1-0: Ball Jason Thomas is caught stealing 2nd base
|
Top of the 7th over - 0 run(s), 1 hit(s), 0 error(s), 0 left on base; Oklahoma City HS 8 - Indianapolis HS 6 |
BOTTOM OF THE 7TH |
Indianapolis HS Chaos batting - Pitching for Oklahoma City HS Magicians : RHP Ray Pérez
|
Batting: RHB Bryan Reed
|
0-0: Foul Ball, location: 2F 0-1: Ball 1-1: Foul Ball, location: 2F 1-2: Ball 2-2: Reached on error, E5 (Groundball, 5S)
|
Batting: RHB Andy Norris
|
0-0: Foul Ball, location: 2F 0-1: Ball 1-1: Called Strike 1-2: Fly out, F7 (Flyball, 78S)
|
Pitching: LHP Luis Hernández
|
|
Batting: LHB William Morgan
|
0-0: Ball 1-0: 2-RUN HOME RUN (Flyball, 89XD), Distance : 365 ft
|
Pitching: RHP Chris Frye
|
|
Batting: RHB Brian Carriaga
|
0-0: Ball 1-0: Called Strike 1-1: Swinging Strike 1-2: Ball 2-2: Strikes out swinging
|
Batting: SHB Jimmy Bullock
|
0-0: Swinging Strike 0-1: Ball 1-1: Ball 2-1: Swinging Strike 2-2: Strikes out swinging
|
Bottom of the 7th over - 2 run(s), 1 hit(s), 1 error(s), 0 left on base; Oklahoma City HS 8 - Indianapolis HS 8 |
TOP OF THE 8TH |
Oklahoma City HS Magicians batting - Pitching for Indianapolis HS Chaos : RHP Dennis Nicholas
|
Pitching: LHP Leonardo Casas
|
|
Batting: LHB Geoff May
|
0-0: Called Strike 0-1: Ball 1-1: Ball 2-1: Ball 3-1: Base on Balls
|
Batting: RHB Darrell Krieger
|
0-0: DOUBLE (Flyball, 78D) Geoff May to third
|
Batting: LHB Marcus Hussey
|
0-0: Called Strike 0-1: Foul Ball, location: 2F 0-2: Ball 1-2: Ball 2-2: Foul Ball, location: 2F 2-2: Foul Ball, location: 2F 2-2: Foul Ball, location: 2F 2-2: SINGLE (Flyball, 7S) Geoff May scores Darrell Krieger to third
|
Batting: SHB Lee Oliver
|
0-0: Ball 1-0: Ball 2-0: Foul Ball, location: 2F 2-1: Foul Ball, location: 2F 2-2: Strikes out swinging
|
Pinch Hitting: SHB Royce Griffin
|
0-0: Ball 1-0: Foul Ball, location: 2F 1-1: Ball 2-1: Called Strike 2-2: Foul Ball, location: 2F 2-2: Ball 3-2: Foul Ball, location: 2F 3-2: Base on Balls Marcus Hussey to second
|
Batting: RHB Jeffrey Ball
|
0-0: Ball Passed Ball! Darrell Krieger scores Marcus Hussey to third Royce Griffin to second 1-0: Intentional Walk
|
Pitching: RHP Ernest Gentry
|
|
Batting: LHB Jason Thomas
|
0-0: Ball 1-0: Grounds into double play, 1-2-3 (Groundball, 13)
|
Top of the 8th over - 2 run(s), 2 hit(s), 0 error(s), 2 left on base; Oklahoma City HS 10 - Indianapolis HS 8 |
BOTTOM OF THE 8TH |
Indianapolis HS Chaos batting - Pitching for Oklahoma City HS Magicians : RHP Chris Frye
|
Now at 3B: Ron Robinson
|
|
Batting: RHB António Solís
|
0-0: Ground out 6-3 (Groundball, 6S)
|
Batting: RHB Warren Norton
|
0-0: Called Strike 0-1: Foul Ball, location: 2F 0-2: Strikes out swinging
|
Batting: RHB Héctor Núñez
|
0-0: Ground out 5-3 (Groundball, 56S)
|
Bottom of the 8th over - 0 run(s), 0 hit(s), 0 error(s), 0 left on base; Oklahoma City HS 10 - Indianapolis HS 8 |
TOP OF THE 9TH |
Oklahoma City HS Magicians batting - Pitching for Indianapolis HS Chaos : RHP Ernest Gentry
|
Batting: RHB Billy Gray
|
0-0: Foul Ball, location: 2F 0-1: Foul Ball, location: 2F 0-2: Foul Ball, location: 2F 0-2: Ball 1-2: Foul Ball, location: 2F 1-2: SINGLE (Flyball, 9S)
|
Batting: LHB Fletcher White
|
0-0: Ball 1-0: Ball 2-0: Fly out, F5 (Line Drive, 56)
|
Batting: LHB Geoff May
|
0-0: Ball 1-0: SINGLE (Line Drive, 5D) Billy Gray to second
|
Pitching: RHP Ben Johnston
|
|
Batting: RHB Darrell Krieger
|
0-0: Called Strike 0-1: Ball 1-1: Ball 2-1: Swinging Strike 2-2: Ball 3-2: Strikes out swinging
|
Batting: LHB Marcus Hussey
|
0-0: Foul Ball, location: 2F 0-1: Ball 1-1: Called Strike 1-2: Ball 2-2: Ball 3-2: Strikes out swinging
|
Top of the 9th over - 0 run(s), 2 hit(s), 0 error(s), 2 left on base; Oklahoma City HS 10 - Indianapolis HS 8 |
BOTTOM OF THE 9TH |
Indianapolis HS Chaos batting - Pitching for Oklahoma City HS Magicians : RHP Chris Frye
|
Pitching: RHP Carlos Días
|
|
Batting: LHB Chris Russell
|
0-0: Called Strike 0-1: Ball 1-1: Foul Ball, location: 2F 1-2: Ball 2-2: Ball 3-2: Ground out 3-1 (Groundball, 34)
|
Batting: RHB Bryan Reed
|
0-0: Ground out 4-3 (Groundball, 4)
|
Batting: RHB Andy Norris
|
0-0: Ball 1-0: Ball 2-0: Foul Ball, location: 2F 2-1: Ball 3-1: Foul Ball, location: 2F 3-2: Base on Balls
|
Batting: LHB William Morgan
|
0-0: Foul Ball, location: 2F 0-1: Ball 1-1: Ball 2-1: Ball 3-1: SINGLE (Flyball, 8LS) Andy Norris to second
|
Batting: RHB Brian Carriaga
|
0-0: Called Strike Error on foul ball, E9 0-2: Foul Ball, location: 2F 0-2: SINGLE (Groundball, 6D) Andy Norris to third William Morgan to second Runner from 3rd tries for Home, SAFE, throw made home
|
Batting: SHB Jimmy Bullock
|
0-0: Ball 1-0: Ball 2-0: Foul Ball, location: 2F 2-1: Foul Ball, location: 2F 2-2: Ball 3-2: Fly out, F7 (Flyball, 78M)
|
Bottom of the 9th over - 1 run(s), 2 hit(s), 1 error(s), 2 left on base; Oklahoma City HS 10 - Indianapolis HS 9 |
|
Tuesday, August 8th, 2017 - OOTP Baseball 17.12 Build 75
|
|